| TOP OF THE 1ST |
|
Wichita Aeros batting - Pitching for Indianapolis Indians : RHP Mark Breitenbach
|
|
Pitching: RHP Mark Breitenbach
|
|
|
Batting: LHB Jesus Ramos
|
0-0: Ball 1-0: Swinging Strike 1-1: Swinging Strike 1-2: Strikes out swinging
|
|
Batting: LHB Michael Barnes
|
0-0: Ball 1-0: Ball 2-0: Foul Ball, location: 2F 2-1: Ground out 4-3 (Groundball, 4S, EV 85.6 MPH)
|
|
Batting: LHB Omar Guerrero
|
0-0: Ground out 5-3 (Groundball, 56, EV 88.1 MPH)
|
| Top of the 1st over - 0 runs, 0 hits, 0 errors, 0 left on base; Wichita 0 - Indianapolis 0 |
| BOTTOM OF THE 1ST |
|
Indianapolis Indians batting - Pitching for Wichita Aeros : RHP Greg A Harris
|
|
Pitching: RHP Greg A Harris
|
|
|
Batting: SHB Julio Estrada
|
0-0: Ground out 6-3 (Groundball, 6, EV 100.6 MPH)
|
|
Batting: LHB Roberto Ruiz
|
0-0: Ball 1-0: Ground out 5-3 (Groundball, 5L, EV 105.6 MPH)
|
|
Batting: RHB Luis Gonzalez
|
0-0: Ball 1-0: Called Strike 1-1: Foul Ball, location: 2F 1-2: Ball 2-2: Fly out, F9 (Flyball, 89S, EV 80.0 MPH)
|
| Bottom of the 1st over - 0 runs, 0 hits, 0 errors, 0 left on base; Wichita 0 - Indianapolis 0 |
| TOP OF THE 2ND |
|
Wichita Aeros batting - Pitching for Indianapolis Indians : RHP Mark Breitenbach
|
|
Batting: RHB Dave Hoenstine
|
0-0: Called Strike 0-1: Ball 1-1: Swinging Strike 1-2: Ball 2-2: Foul Ball, location: 2F 2-2: DOUBLE (Line Drive, 78D, EV 106.3 MPH)
|
|
Batting: LHB Angel Matos
|
0-0: Called Strike 0-1: Foul Ball, location: 2F 0-2: Ball 1-2: Foul Ball, location: 2F 1-2: Strikes out looking
|
|
Batting: LHB James Pellack
|
0-0: Ball 1-0: Ball 2-0: Ball 3-0: Called Strike 3-1: Base on Balls
|
|
Batting: RHB Dave Stenhouse
|
0-0: Ball 1-0: Ball 2-0: Ball 3-0: Called Strike 3-1: Foul Ball, location: 2F 3-2: Foul Ball, location: 2F 3-2: Foul Ball, location: 2F 3-2: Fly out, F8 (Flyball, 89D, EV 88.1 MPH) Runner from 2nd tags up, SAFE at 3rd, no throw by CF
|
|
Batting: RHB Gary House
|
0-0: Ball 1-0: Ball 2-0: Called Strike 2-1: Fielders Choice at 2nd, 6-4 (Groundball, 6, EV 81.9 MPH)
|
| Top of the 2nd over - 0 runs, 1 hit, 0 errors, 2 left on base; Wichita 0 - Indianapolis 0 |
| BOTTOM OF THE 2ND |
|
Indianapolis Indians batting - Pitching for Wichita Aeros : RHP Greg A Harris
|
|
Batting: LHB Scott Radloff
|
0-0: Called Strike 0-1: Ball 1-1: Foul Ball, location: 2F 1-2: Foul Ball, location: 2F 1-2: Fly out, F8 (Flyball, 8LD, EV 104.4 MPH)
|
|
Batting: RHB Tracy Cowger
|
0-0: Ball 1-0: Fly out, F9 (Flyball, 9LM, EV 91.3 MPH)
|
|
Batting: RHB Steven Campbell
|
0-0: Ball 1-0: Foul Ball, location: 2F 1-1: Ball 2-1: DOUBLE (Line Drive, 89XD, EV 107.5 MPH)
|
|
Batting: LHB James Baker
|
0-0: Ball 1-0: Foul Ball, location: 2F 1-1: Fly out, F6 (Popup, P, EV 76.3 MPH)
|
| Bottom of the 2nd over - 0 runs, 1 hit, 0 errors, 1 left on base; Wichita 0 - Indianapolis 0 |
| TOP OF THE 3RD |
|
Wichita Aeros batting - Pitching for Indianapolis Indians : RHP Mark Breitenbach
|
|
Batting: RHB Victor Mabee
|
0-0: Called Strike 0-1: Ball 1-1: Ball 2-1: Ball 3-1: Swinging Strike 3-2: Fly out, F8 (Line Drive, 8RM, EV 92.5 MPH)
|
|
Batting: LHB Jesus Ramos
|
0-0: Called Strike 0-1: Ground out 4-3 (Groundball, 4S, EV 83.1 MPH)
|
|
Batting: LHB Michael Barnes
|
0-0: Called Strike 0-1: Foul Ball, location: 2F 0-2: Ball 1-2: Foul Ball, location: 2F 1-2: Foul Ball, location: 2F 1-2: Ball 2-2: Foul Ball, location: 2F 2-2: Fly out, F8 (Flyball, 8RS, EV 76.9 MPH)
|
| Top of the 3rd over - 0 runs, 0 hits, 0 errors, 0 left on base; Wichita 0 - Indianapolis 0 |
| BOTTOM OF THE 3RD |
|
Indianapolis Indians batting - Pitching for Wichita Aeros : RHP Greg A Harris
|
|
Batting: LHB David Bertulli
|
0-0: Called Strike 0-1: Ball 1-1: Ball 2-1: Foul Ball, location: 2F 2-2: Ball 3-2: DOUBLE (Line Drive, 9LS, EV 98.8 MPH)
|
|
Batting: RHB Robert Bonnette
|
0-0: Ball 1-0: Ground out 5-3 (Groundball, 56S, EV 83.1 MPH)
|
|
Batting: SHB Julio Estrada
|
0-0: Ball 1-0: Called Strike 1-1: Ball 2-1: Ball 3-1: Foul Ball, location: 2F 3-2: Base on Balls
|
|
Batting: LHB Roberto Ruiz
|
0-0: Fly out, F9 (Flyball, 89S, EV 74.4 MPH)
|
|
Batting: RHB Luis Gonzalez
|
0-0: Fly out, F8 (Flyball, 8RM, EV 97.5 MPH)
|
| Bottom of the 3rd over - 0 runs, 1 hit, 0 errors, 2 left on base; Wichita 0 - Indianapolis 0 |
| TOP OF THE 4TH |
|
Wichita Aeros batting - Pitching for Indianapolis Indians : RHP Mark Breitenbach
|
|
Batting: LHB Omar Guerrero
|
0-0: Ground out 3-1 (Groundball, 34, EV 101.9 MPH)
|
|
Batting: RHB Dave Hoenstine
|
0-0: Ball 1-0: Foul Ball, location: 2F 1-1: Ball 2-1: Called Strike 2-2: SINGLE (Groundball, 56, EV 94.4 MPH) (infield hit)
|
|
Batting: LHB Angel Matos
|
0-0: Ball 1-0: Ball 2-0: Ball 3-0: Called Strike 3-1: Base on Balls Dave Hoenstine to second
|
|
Batting: LHB James Pellack
|
0-0: Ball 1-0: Ground out 3-1 (Groundball, 34S, EV 86.9 MPH) Dave Hoenstine to third Angel Matos to second
|
|
Batting: RHB Dave Stenhouse
|
0-0: SINGLE (Groundball, 56S, EV 63.8 MPH) (infield hit) Dave Hoenstine scores Angel Matos to third
|
|
Batting: RHB Gary House
|
0-0: Ball 1-0: Foul Ball, location: 2F 1-1: Called Strike 1-2: Ball 2-2: SINGLE (Line Drive, 9S, EV 99.4 MPH) Angel Matos scores Dave Stenhouse to second Runner from 2nd tries for 3rd, OUT! 9-5
|
| Top of the 4th over - 2 runs, 3 hits, 0 errors, 1 left on base; Wichita 2 - Indianapolis 0 |
| BOTTOM OF THE 4TH |
|
Indianapolis Indians batting - Pitching for Wichita Aeros : RHP Greg A Harris
|
|
Batting: LHB Scott Radloff
|
0-0: Ball 1-0: SINGLE (Line Drive, 78S, EV 101.3 MPH)
|
|
Batting: RHB Tracy Cowger
|
0-0: Foul Ball, location: 2F 0-1: Ball 1-1: Fly out, F6 (Popup, 6D, EV 63.8 MPH)
|
|
Batting: RHB Steven Campbell
|
0-0: Ball 1-0: Ball 2-0: Foul Ball, location: 2F 2-1: Ball 3-1: Base on Balls Scott Radloff to second
|
|
Batting: LHB James Baker
|
0-0: Swinging Strike 0-1: Ball 1-1: Ball 2-1: Foul Ball, location: 2F 2-2: Strikes out swinging
|
|
Batting: LHB David Bertulli
|
0-0: Fly out, F9 (Flyball, 9S, EV 79.4 MPH)
|
| Bottom of the 4th over - 0 runs, 1 hit, 0 errors, 2 left on base; Wichita 2 - Indianapolis 0 |
| TOP OF THE 5TH |
|
Wichita Aeros batting - Pitching for Indianapolis Indians : RHP Mark Breitenbach
|
|
Batting: RHB Victor Mabee
|
0-0: Called Strike 0-1: Ball 1-1: Ball 2-1: Fly out, F4 (Popup, 34S, EV 77.5 MPH)
|
|
Batting: LHB Jesus Ramos
|
0-0: Fly out, F7 (Line Drive, 7D, EV 94.4 MPH)
|
|
Batting: LHB Michael Barnes
|
0-0: Ball 1-0: Ball 2-0: Foul Ball, location: 2F 2-1: Foul Ball, location: 2F 2-2: Foul Ball, location: 2F 2-2: Foul Ball, location: 2F 2-2: SINGLE (Line Drive, 89M, EV 99.4 MPH)
|
|
Batting: LHB Omar Guerrero
|
0-0: Foul Ball, location: 2F 0-1: Ball 1-1: Fly out, F8 (Flyball, 78D, EV 100.6 MPH)
|
| Top of the 5th over - 0 runs, 1 hit, 0 errors, 1 left on base; Wichita 2 - Indianapolis 0 |
| BOTTOM OF THE 5TH |
|
Indianapolis Indians batting - Pitching for Wichita Aeros : RHP Greg A Harris
|
|
Batting: RHB Robert Bonnette
|
0-0: Fly out, F8 (Flyball, 8RD, EV 99.4 MPH)
|
|
Batting: SHB Julio Estrada
|
0-0: Ball 1-0: Foul Ball, location: 2F 1-1: Called Strike 1-2: Foul Ball, location: 2F 1-2: Foul Ball, location: 2F 1-2: SINGLE (Groundball, 34S, EV 72.5 MPH) (infield hit)
|
|
Batting: LHB Roberto Ruiz
|
0-0: Called Strike 0-1: Called Strike 0-2: Grounds into double play, 5-4-3 (Groundball, 5, EV 100.0 MPH)
|
| Bottom of the 5th over - 0 runs, 1 hit, 0 errors, 0 left on base; Wichita 2 - Indianapolis 0 |
| TOP OF THE 6TH |
|
Wichita Aeros batting - Pitching for Indianapolis Indians : RHP Mark Breitenbach
|
|
Batting: RHB Dave Hoenstine
|
0-0: Swinging Strike 0-1: Ball 1-1: Ground out 4-3 (Groundball, 4, EV 79.4 MPH)
|
|
Batting: LHB Angel Matos
|
0-0: Ground out 6-3 (Groundball, 6M, EV 77.5 MPH)
|
|
Batting: LHB James Pellack
|
0-0: Foul Ball, location: 2F 0-1: Ball 1-1: Ball 2-1: Reached on error, E5 (Groundball, 56, EV 103.8 MPH)
|
|
Batting: RHB Dave Stenhouse
|
0-0: Ground out 6-3 (Groundball, 6M, EV 111.3 MPH)
|
| Top of the 6th over - 0 runs, 0 hits, 1 error, 1 left on base; Wichita 2 - Indianapolis 0 |
| BOTTOM OF THE 6TH |
|
Indianapolis Indians batting - Pitching for Wichita Aeros : RHP Greg A Harris
|
|
Batting: RHB Luis Gonzalez
|
0-0: Ball 1-0: Ball 2-0: Ball 3-0: Called Strike 3-1: Foul Ball, location: 2F 3-2: SINGLE (Groundball, 15S, EV 67.5 MPH) (infield hit)
|
|
Batting: LHB Scott Radloff
|
0-0: Called Strike 0-1: Ball 1-1: Foul Ball, location: 2F 1-2: Fly out, F8 (Flyball, 8LD, EV 98.8 MPH)
|
|
Batting: RHB Tracy Cowger
|
0-0: Called Strike 0-1: Ball 1-1: Ground out 5-3 (Groundball, 56S, EV 64.4 MPH) Luis Gonzalez to second
|
|
Batting: RHB Steven Campbell
|
0-0: Fly out, F9 (Flyball, 9S, EV 86.9 MPH)
|
| Bottom of the 6th over - 0 runs, 1 hit, 0 errors, 1 left on base; Wichita 2 - Indianapolis 0 |
| TOP OF THE 7TH |
|
Wichita Aeros batting - Pitching for Indianapolis Indians : RHP Mark Breitenbach
|
|
Batting: RHB Gary House
|
0-0: Ground out 4-3 (Groundball, 4, EV 82.5 MPH)
|
|
Batting: RHB Victor Mabee
|
0-0: Ball 1-0: Ball 2-0: Swinging Strike 2-1: Foul Ball, location: 2F 2-2: Strikes out swinging
|
|
Batting: LHB Jesus Ramos
|
0-0: Foul Ball, location: 2F 0-1: Ball 1-1: Ball 2-1: Ground out 6-3 (Groundball, 6, EV 81.3 MPH)
|
| Top of the 7th over - 0 runs, 0 hits, 0 errors, 0 left on base; Wichita 2 - Indianapolis 0 |
| BOTTOM OF THE 7TH |
|
Indianapolis Indians batting - Pitching for Wichita Aeros : RHP Greg A Harris
|
|
Batting: LHB James Baker
|
0-0: Fly out, F8 (Flyball, 8LD, EV 102.5 MPH)
|
|
Batting: LHB David Bertulli
|
0-0: TRIPLE (Flyball, 89XD, EV 100.0 MPH)
|
|
Batting: RHB Robert Bonnette
|
0-0: Ball 1-0: Swinging Strike 1-1: Called Strike 1-2: Foul Ball, location: 2F 1-2: Ball 2-2: Ball 3-2: SINGLE (Groundball, 4MD, EV 95.0 MPH) David Bertulli scores
|
|
Batting: SHB Julio Estrada
|
0-0: Ball 1-0: Ball 2-0: Called Strike 2-1: Foul Ball, location: 2F 2-2: Ball 3-2: Base on Balls Robert Bonnette to second
|
|
Batting: LHB Roberto Ruiz
|
0-0: Ball 1-0: Ball 2-0: Called Strike 2-1: Ball 3-1: Base on Balls Robert Bonnette to third Julio Estrada to second
|
|
Batting: RHB Luis Gonzalez
|
0-0: Ball 1-0: Ball 2-0: Fly out, F8 (Flyball, 89S, EV 75.6 MPH)
|
|
Batting: LHB Scott Radloff
|
0-0: Hit by Pitch Robert Bonnette scores Julio Estrada to third Roberto Ruiz to second
|
|
Batting: RHB Tracy Cowger
|
0-0: Ball 1-0: Ball 2-0: Foul Ball, location: 2F 2-1: Fielders Choice at 2nd, 6-4 (Groundball, 6, EV 85.0 MPH)
|
| Bottom of the 7th over - 2 runs, 2 hits, 0 errors, 3 left on base; Wichita 2 - Indianapolis 2 |
| TOP OF THE 8TH |
|
Wichita Aeros batting - Pitching for Indianapolis Indians : RHP Mark Breitenbach
|
|
Batting: LHB Michael Barnes
|
0-0: Ball 1-0: Foul Ball, location: 2F 1-1: Called Strike 1-2: Foul Ball, location: 2F 1-2: Strikes out looking
|
|
Batting: LHB Omar Guerrero
|
0-0: Foul Ball, location: 2F 0-1: Ball 1-1: Ball 2-1: Called Strike 2-2: Strikes out swinging
|
|
Batting: RHB Dave Hoenstine
|
0-0: Ball 1-0: Swinging Strike 1-1: Ball 2-1: Swinging Strike 2-2: Foul Ball, location: 2F 2-2: Foul Ball, location: 2F 2-2: SINGLE (Flyball, 6D, EV 90.0 MPH)
|
|
Batting: LHB Angel Matos
|
0-0: Called Strike 0-1: Foul Ball, location: 2F 0-2: Ball 1-2: Foul Ball, location: 2F 1-2: Foul Ball, location: 2F 1-2: Foul Ball, location: 2F 1-2: Strikes out swinging
|
| Top of the 8th over - 0 runs, 1 hit, 0 errors, 1 left on base; Wichita 2 - Indianapolis 2 |
| BOTTOM OF THE 8TH |
|
Indianapolis Indians batting - Pitching for Wichita Aeros : RHP Greg A Harris
|
|
Batting: RHB Steven Campbell
|
0-0: Ball 1-0: Swinging Strike 1-1: Called Strike 1-2: Fly out, F8 (Flyball, 8LM, EV 87.5 MPH)
|
|
Batting: LHB James Baker
|
0-0: Called Strike 0-1: Ball 1-1: Foul Ball, location: 2F 1-2: Ground out U3 (Groundball, 34, EV 81.9 MPH)
|
|
Batting: LHB David Bertulli
|
0-0: Foul Ball, location: 2F 0-1: Ball 1-1: Ball 2-1: Ball 3-1: Foul Ball, location: 2F 3-2: SINGLE (Groundball, 4D, EV 106.3 MPH)
|
|
Batting: RHB Robert Bonnette
|
0-0: Ball 1-0: Ball 2-0: Ball 3-0: Called Strike 3-1: Foul Ball, location: 2F 3-2: Fly out, F7 (Flyball, 7LD, EV 90.0 MPH)
|
| Bottom of the 8th over - 0 runs, 1 hit, 0 errors, 1 left on base; Wichita 2 - Indianapolis 2 |
| TOP OF THE 9TH |
|
Wichita Aeros batting - Pitching for Indianapolis Indians : RHP Mark Breitenbach
|
|
Pitching: LHP Lee Guetterman
|
|
|
Pinch Hitting: SHB Gary Pettis
|
0-0: Ball 1-0: Fly out, F7 (Flyball, 7LS, EV 75.0 MPH)
|
|
Batting: RHB Dave Stenhouse
|
0-0: Called Strike 0-1: Ball 1-1: Swinging Strike 1-2: Ground out 5-3 (Groundball, 5, EV 78.8 MPH)
|
|
Batting: RHB Gary House
|
0-0: Ball 1-0: Called Strike 1-1: Ball 2-1: Ground out 6-3 (Groundball, 56, EV 103.1 MPH)
|
| Top of the 9th over - 0 runs, 0 hits, 0 errors, 0 left on base; Wichita 2 - Indianapolis 2 |
| BOTTOM OF THE 9TH |
|
Indianapolis Indians batting - Pitching for Wichita Aeros : RHP Greg A Harris
|
|
Now in CF: Robert Markham
|
|
|
Batting: SHB Julio Estrada
|
0-0: Called Strike 0-1: SINGLE (Groundball, 6MD, EV 105.6 MPH)
|
|
Batting: LHB Roberto Ruiz
|
0-0: Ball 1-0: Bunt missed! 1-1: Bunt missed! 1-2: SINGLE (Line Drive, 8LS, EV 99.4 MPH) Julio Estrada to second
|
|
Batting: RHB Luis Gonzalez
|
0-0: Called Strike 0-1: Foul Ball, location: 2F 0-2: Fly out, F7 (Flyball, 7S, EV 96.9 MPH)
|
|
Batting: LHB Scott Radloff
|
0-0: Grounds into double play, 4-6-3 (Groundball, 4M, EV 85.6 MPH)
|
| Bottom of the 9th over - 0 runs, 2 hits, 0 errors, 1 left on base; Wichita 2 - Indianapolis 2 |
| TOP OF THE 10TH |
|
Wichita Aeros batting - Pitching for Indianapolis Indians : LHP Lee Guetterman
|
|
Pinch Hitting: RHB Greg Cypret
|
0-0: Fly out, F9 (Line Drive, 9, EV 103.8 MPH)
|
|
Pinch Hitting: LHB Jim F Weaver
|
0-0: Ground out 6-3 (Groundball, 6, EV 78.1 MPH)
|
|
Batting: LHB Michael Barnes
|
0-0: Called Strike 0-1: Ground out 5-3 (Groundball, 5, EV 88.1 MPH)
|
| Top of the 10th over - 0 runs, 0 hits, 0 errors, 0 left on base; Wichita 2 - Indianapolis 2 |
| BOTTOM OF THE 10TH |
|
Indianapolis Indians batting - Pitching for Wichita Aeros : RHP Greg A Harris
|
|
Pitching: RHP Joey McLaughlin
|
|
|
Now at 3B: Glenn Gulliver
|
|
|
Now at SS: Greg Cypret
|
|
|
Pinch Hitting: SHB Bobby Ball
|
0-0: Ball 1-0: Foul Ball, location: 2F 1-1: SINGLE (Groundball, 25, EV 73.1 MPH) (infield hit)
|
|
Batting: RHB Steven Campbell
|
0-0: Ball 1-0: Bunted foul 1-1: Ball 2-1: Bunt missed! 2-2: Ball 3-2: Grounds into double play, 6-4-3 (Groundball, 6, EV 105.0 MPH)
|
|
Batting: LHB James Baker
|
0-0: Called Strike 0-1: Ball 1-1: SINGLE (Line Drive, 89S, EV 90.0 MPH)
|
|
Batting: LHB David Bertulli
|
0-0: Foul Ball, location: 2F 0-1: Foul Ball, location: 2F 0-2: Fly out, F8 (Flyball, 8LD, EV 91.9 MPH)
|
| Bottom of the 10th over - 0 runs, 2 hits, 0 errors, 1 left on base; Wichita 2 - Indianapolis 2 |
| TOP OF THE 11TH |
|
Wichita Aeros batting - Pitching for Indianapolis Indians : LHP Lee Guetterman
|
|
Now at C: Frank Estrada
|
|
|
Batting: LHB Omar Guerrero
|
0-0: Called Strike 0-1: Ball 1-1: Swinging Strike 1-2: Strikes out looking
|
|
Batting: RHB Dave Hoenstine
|
0-0: Ball 1-0: Called Strike 1-1: SINGLE (Groundball, 4MD, EV 103.1 MPH)
|
|
Batting: LHB Angel Matos
|
0-0: Foul Ball, location: 2F 0-1: Foul Ball, location: 2F 0-2: Ball 1-2: Ball 2-2: Foul Ball, location: 2F 2-2: Ball 3-2: Foul Ball, location: 2F 3-2: SINGLE (Line Drive, 56D, EV 95.6 MPH) Dave Hoenstine to second
|
|
Batting: LHB Robert Markham
|
0-0: Foul Ball, location: 2F 0-1: Swinging Strike 0-2: Strikes out looking
|
|
Batting: RHB Dave Stenhouse
|
0-0: Ball 1-0: Ball 2-0: Foul Ball, location: 2F 2-1: Ball 3-1: SINGLE (Line Drive, 8LS, EV 91.3 MPH) Dave Hoenstine to third Angel Matos to second Runner from 3rd tries for Home, SAFE, throw by CF to home
|
|
Batting: RHB Gary House
|
0-0: Called Strike 0-1: Foul Ball, location: 2F 0-2: Ball 1-2: Ball 2-2: Ball 3-2: Fly out, F7 (Flyball, 78S, EV 81.3 MPH)
|
| Top of the 11th over - 1 run, 3 hits, 0 errors, 2 left on base; Wichita 3 - Indianapolis 2 |
| BOTTOM OF THE 11TH |
|
Indianapolis Indians batting - Pitching for Wichita Aeros : RHP Joey McLaughlin
|
|
Pinch Hitting: LHB Kevin Schoendienst
|
0-0: Called Strike 0-1: Swinging Strike 0-2: Foul Ball, location: 2F 0-2: Ball 1-2: Foul Ball, location: 2F 1-2: Strikes out swinging
|
|
Batting: SHB Julio Estrada
|
0-0: Ball 1-0: Called Strike 1-1: Ball 2-1: Called Strike 2-2: Foul Ball, location: 2F 2-2: Fly out, F7 (Flyball, 78S, EV 85.6 MPH)
|
|
Batting: LHB Roberto Ruiz
|
0-0: Swinging Strike 0-1: Ball 1-1: Ball 2-1: Foul Ball, location: 2F 2-2: Ground out 4-3 (Groundball, 4, EV 101.9 MPH)
|
| Bottom of the 11th over - 0 runs, 0 hits, 0 errors, 0 left on base; Wichita 3 - Indianapolis 2 |
|